 Dungeon Crawl Stone Soup version 0.18-a0-183-gad09a0e (webtiles) character file.

25 axujen the Caller (level 3, 0/19 HPs)
             Began as a Tengu Summoner on Nov 23, 2015.
             Slain by a worm (10 damage)
             ... on level 2 of the Dungeon.
             The game lasted 00:03:23 (1520 turns).

axujen the Caller (Tengu Summoner)                  Turns: 1520, Time: 00:03:23

Health: 0/19       AC:  2    Str:  8    XL:     3   Next: 4%
Magic:  7/7        EV: 12    Int: 15    God:
Gold:   31         SH:  0    Dex: 15    Spells: 2 memorised, 3 levels left

rFire  . . .     SeeInvis .     d - +0 mace
rCold  . . .     Clarity  .     a - +0 robe
rNeg   . . .     SustAt   .     (no shield)
rPois  .         Gourm    .     (helmet restricted)
rElec  .         Spirit   .     (no cloak)
rCorr  .         Warding  .     (no gloves)
rMut   .         Stasis   .     (boots unavailable)
MR     .....                    (no amulet)
Stlth  ++........               (no ring)
                                (no ring)

@: not resistant to hostile enchantments, unstealthy
A: beak, talons 3
a: no special abilities


You were on level 2 of the Dungeon.
You were not hungry.

You visited 1 branch of the dungeon, and saw 2 of its levels.

You collected 31 gold pieces.

Inventory:

Hand Weapons
 d - a +0 mace (weapon)
Missiles
 g - 37 stones (quivered)
Armour
 a - a +0 robe (worn)
 e - a +0 ring mail
Scrolls
 h - a scroll of enchant armour {unknown}
 j - a scroll of remove curse {unknown}
 l - a scroll of identify {unknown}
Potions
 k - a potion of ambrosia {unknown}
Books
 b - a book of Callings

   Spells                             Type                      Level
   a - Summon Small Mammal            Summoning                    1
   b - Call Imp                       Summoning                    2
   c - Call Canine Familiar           Summoning                    3
   d - Summon Guardian Golem          Hexes/Summoning              3
   e - Summon Lightning Spire         Summoning/Air                4
   f - Summon Ice Beast               Ice/Summoning                4
Comestibles
 c - a bread ration
 i - 7 chunks of flesh
 m - 2 fruits


   Skills:
 - Level 2.1 Dodging
 - Level 2.0 Stealth
 - Level 2.0 Spellcasting
 + Level 5.9 Summonings


You had 3 spell levels left.
You knew the following spells:

 Your Spells              Type           Power        Failure   Level  Hunger
a - Call Imp              Summ           ###.....     3%          2    ###....
H - Summon Small Mammal   Summ           ###.         1%          1    #......


Dungeon Overview and Level Annotations

Branches:
Dungeon (2/15)

Altars:


Innate Abilities, Weirdness & Mutations

You have a beak for a mouth.
You have claws for feet.


Message History

Found a stone staircase leading up.
Unknown command.
A bat comes into view.
There is a stone staircase leading up here.
The helpless bat fails to defend itself.
You hit the bat. You peck the bat.
You kill the bat!
You found a shaft!
m - 2 fruits A worm comes into view.
You hit the worm. Your peck misses the worm.
The worm is lightly wounded.
You hit the worm. Your kick misses the worm. Your peck misses the worm.
The worm is moderately wounded.
The worm bites you!
You hit the worm but do no damage. You peck the worm.
The worm is heavily wounded.
The worm bites you!
Ouch! That really hurt!
You die...

♣.♣ #.#
♣.♣ ...
♣.♣ #.#
#w# #Q#
# #.#
.# #.#
..
#.###.#
#.....#
#..##.#
#..#
#..# #.
#..#


You could see a worm.

Vanquished Creatures
  3 goblins
  2 hobgoblins
  7 bats
  2 giant cockroaches (D:1)
  A giant newt (D:2)
  3 kobolds (D:1)
  7 rats (D:1)
25 creatures vanquished.

Vanquished Creatures (collateral kills)
  A giant cockroach (D:1)
1 creature vanquished.

Grand Total: 26 creatures vanquished

Notes
Turn   | Place    | Note
--------------------------------------------------------------
     0 | D:1      | axujen the Tengu Summoner began the quest for the Orb.
     0 | D:1      | Reached XP level 1. HP: 10/10 MP: 4/4
   151 | D:1      | Reached skill level 5 in Summonings
   540 | D:1      | Reached XP level 2. HP: 15/15 MP: 6/6
   868 | D:1      | Learned a level 2 spell: Call Imp
  1436 | D:2      | Reached XP level 3. HP: 16/19 MP: 7/7
  1520 | D:2      | Slain by a worm

Vault maps used:
D:1:      dpeg_arrival_ternary
D:2:      serial_forest, infiniplex_forest_corner_1,
          infiniplex_forest_lined_4_way, infiniplex_forest_lined_room_2,
          infiniplex_forest_clump_C, infiniplex_forest_clump_long,
          infiniplex_forest_lined_1, infiniplex_forest_clump_tiny,
          infiniplex_forest_lined_room_2, infiniplex_forest_clump_medium,
          infiniplex_forest_end_1, ecumenical_altar_2

Action                   || total
-------------------------++-------
Melee: Mace              ||    78
 Cast: Summon Small Mamm ||     2
 Stab: Distracted        ||     1
       Sleeping          ||     5
  Eat: Chunk             ||     2
